 Dungeon Crawl Stone Soup version 0.21-a0-578-gc6e9d75 (webtiles) character file.

11363 Gaball the Fighter (level 11, -3/60 HPs)
             Began as a Gargoyle Chaos Knight on Dec 18, 2017.
             Slain by an orc warrior
             ... wielding a cursed -3 dire flail
              (6 damage)
             ... on level 2 of the Orcish Mines.
             The game lasted 00:29:38 (9461 turns).

Gaball the Fighter (Gargoyle Chaos Knight)          Turns: 9461, Time: 00:29:41

Health: -3/60      AC: 35    Str: 16    XL:     11   Next: 76%
Magic:  11/11      EV:  7    Int: 14    God:    Xom [*.....]
Gold:   1109       SH:  3    Dex: 12    Spells: 10/10 levels left

rFire    . . .     SeeInvis .   H - +11 dagger "Beetleslayer" {protect, Dex+3}
rCold    . . .     Gourm    .   R - +0 buckler
rNeg     + . .     Faith    .   E - +1 plate armour {rPois}
rPois    ∞         Spirit   .   (no helmet)
rElec    +         Reflect  .   (no cloak)
rCorr    +         Harm     .   (no gloves)
MR       .....     Rnd*Rage +   Q - +0 pair of boots
Stlth    ..........             o - amulet of regeneration
HPRegen  0.60/turn              v - ring of resist corrosion
MPRegen  0.12/turn              (no ring)

@: protection aura
A: repulsion field 1, iridescent scales 2, berserk 1, frail 2, negative energy
resistance 1, electricity resistance, weak 1, unbreathing, petrification
resistance, rot immunity, subdued magic 1, MP-powered wands, AC +8
a: Renounce Religion


You were on level 2 of the Orcish Mines.
You worshipped Xom.
You were a special plaything of Xom.
You were not hungry.

You visited 2 branches of the dungeon, and saw 13 of its levels.

You collected 1221 gold pieces.
You spent 112 gold pieces at shops.

Inventory:

Hand Weapons
 a - a +0 mace of chaos
 G - a +0 morningstar of protection
 H - the +11 dagger "Beetleslayer" (weapon) {protect, Dex+3}
   (You found it on level 7 of the Dungeon)

   It protects the one who uses it against injury (+AC on strike).
   It affects your dexterity (+3).
Armour
 b - a +2 leather armour
 k - a +0 troll leather armour
 E - a +1 plate armour of poison resistance (worn)
 J - the +1 leather armour of the Republic {+Inv Int-4 Slay+2}
   (You found it on level 8 of the Dungeon)

   It affects your intelligence (-4).
   It affects your accuracy and damage with ranged weapons and melee attacks
   (+2).
   It lets you turn invisible.
 Q - a +0 pair of boots (worn)
 R - a +0 buckler (worn)
Jewellery
 j - an uncursed ring of protection from cold {unknown}
 l - an uncursed amulet of faith
 o - an amulet of regeneration (around neck)
 v - a ring of resist corrosion (left hand)
 B - an uncursed ring of ice
 M - an uncursed ring of protection from fire {unknown}
Wands
 F - a wand of random effects (21)
 L - a wand of flame (41)
 O - a wand of enslavement (11)
Scrolls
 d - a scroll of fog {unknown}
 f - 6 scrolls of remove curse
 g - a scroll of teleportation
 h - 5 scrolls of noise {unknown}
 m - 2 scrolls of enchant weapon {unknown}
 n - 2 scrolls of magic mapping {unknown}
 p - 3 scrolls of amnesia
 t - 2 scrolls of fear {unknown}
 u - 2 scrolls of enchant armour
 x - 3 scrolls of random uselessness {unknown}
 y - a scroll of blinking {unknown}
 z - 2 scrolls of immolation {unknown}
 N - a scroll of holy word {unknown}
Potions
 e - a potion of haste {unknown}
 i - 3 potions of mutation
 r - a potion of lignification
 s - 2 potions of flight {unknown}
 w - a potion of brilliance {unknown}
 A - 2 potions of might {unknown}
 C - a potion of resistance
 D - a potion of invisibility {unknown}
 I - a potion of cancellation {unknown}
 K - 2 potions of degeneration {unknown}
Books
 q - a book of Geomancy

   Spells                             Type                      Level
   a - Sandblast                      Earth                        1
   b - Passwall                       Transmutation/Earth          2
   c - Stone Arrow                    Conjuration/Earth            3
   d - Petrify                        Transmutation/Earth          4
   e - Lee's Rapid Deconstruction     Earth                        5
 P - a book of Flames

   Spells                             Type                      Level
   a - Flame Tongue                   Conjuration/Fire             1
   b - Throw Flame                    Conjuration/Fire             2
   c - Conjure Flame                  Conjuration/Fire             3
   d - Inner Flame                    Hexes/Fire                   3
   e - Sticky Flame                   Conjuration/Fire             4
   f - Fireball                       Conjuration/Fire             5
Comestibles
 c - 17 rations
 S - 3 chunks of flesh


   Skills:
 + Level 12.3 Fighting
 - Level 12.1 Maces & Flails
 + Level 9.5 Armour
 - Level 0.7 Dodging


You had 10 spell levels left.
You didn't know any spells.

Dungeon Overview and Level Annotations

Branches:
Dungeon (11/15)            Temple (0/1) D:7             Orc (2/2) D:10
    Elf (0/3) Orc:2
   Lair: D:8-11

Altars:
Cheibriados
Nemelex Xobeh
Vehumet
Xom
Yredelemnul
The Shining One
Beogh

Shops:
D:9 [?(   D:10 }   Orc:2 *


Innate Abilities, Weirdness & Mutations

You are resistant to torment.
Your stone body is resilient. (AC +8)
You are immune to poison.
You resist negative energy. (rN+)
You are resistant to electric shocks. (rElec)
You can survive without breathing.
You are immune to petrification.
You are immune to rotting.
You are surrounded by a mild repulsion field. (EV +2)
You are mostly covered in iridescent scales. (AC +4)
You tend to lose your temper in combat.
You are very frail. (-20% HP)
You are weak. (Str -2)
Your spells are a little easier to cast, but a little less powerful.
You expend magic power (3 MP) to strengthen your wands.


Message History

The orc warrior is heavily wounded.
You hear a shout!
The orc priest invokes the aid of Beogh against you.
Beogh smites you!
You emit a cloud of colourful smoke!
The orc warrior hits you but does no damage.
Things that are here:
a hand axe; a leather armour
Items here: )) [[ † a battleaxe; a plate armour; a hand axe of chopping; a scale mail an orc corpse The orc priest invokes the aid of Beogh against you.
Beogh smites you!
* * * LOW HITPOINT WARNING * * *
The orc priest invokes the aid of Beogh against you.
Beogh smites you!
* * * LOW HITPOINT WARNING * * *
The orc warrior hits you with a dire flail.
You die...
Xom cackles wildly!

, , #...###...#.........##
,,,,,,...###............###
,, ,#oo###........_....# ,,
* ,,, #..###..##........#
** ,,,*##(o###..##.......##
**, ,,, ##§o###..##.......#
,,,* , ##§§##.###..##...# ,
** *##oo(.#....#.....# , *
* , ##)@...........## ∩,∩*
* , , ##))).<......## ,,* *
,, ##............ **∩**,
**, ##............. ,,** *,
##....#....##.#. , * ,,
##....###...# ## *, ,**, ,
*#......#.#.## *,*,*,
,*#####.......## ,,,, ,
,*##.##.......##


You could see 2 orc warriors, 2 orc priests and 2 orcs.

Vanquished Creatures
  A two-headed ogre (D:11)
  2 cyclopes (D:11)
  A gargoyle (D:11)
  The ghost of Lanoc the Skirmisher, a novice FoAK of Lugonu (D:4)
  A freezing wraith (D:11)
  3 trolls
  A dream sheep (D:11)
  A blink frog (D:5)
  The ghost of Gaball the Slasher, an amateur TeGl of Gozag (D:3)
  Sigmund (D:2)
  3 hippogriffs
  2 shadows
  3 yaks (D:11)
  2 wyverns
  A hungry ghost (D:8)
  A human (D:7)
  4 hogs (D:7)
  A water moccasin (D:11)
  2 wargs (Orc:2)
  A porcupine (D:11)
  Duvessa (D:4)
  An ice beast (D:9)
  12 orc warriors
  3 phantoms
  A necrophage (D:10)
  3 sky beasts
  2 centaurs (D:6)
  7 ogres
  A bullfrog (D:10)
  Dowan (D:4)
  6 killer bees
  3 scorpions
  2 wights (D:10)
  3 howler monkeys
  2 crimson imps (D:5)
  2 bullfrog zombies
  A quasit (D:11)
  10 orc priests
  4 hounds
  A centaur skeleton (D:10)
  A bullfrog skeleton (D:6)
  Jessica (D:3)
  An iguana (D:5)
  7 orc wizards
  8 worker ants
  Terence (D:2)
  2 hound skeletons
  A worker ant zombie (D:5)
  14 adders
  7 gnolls
  A howler monkey skeleton (D:4)
  2 shadow imps
  An ooze (D:1)
  3 adder skeletons
  A worm (D:2)
  3 dart slugs
  3 leopard geckos (D:3)
  50 orcs
  5 giant cockroaches
  8 goblins
  6 hobgoblins
  8 jackals
  2 quokkas
  A ball python (D:2)
  6 bats
  2 frilled lizards
  7 kobolds
  3 rats
254 creatures vanquished.

Vanquished Creatures (collateral kills)
  A yak (D:11)
  2 wyverns (D:11)
  An orc warrior (D:11)
  A bullfrog (D:11)
  2 killer bees (D:11)
  2 orcs (D:9)
9 creatures vanquished.

Vanquished Creatures (others)
  A killer bee (D:11)
  11 fungi (D:11)
  13 plants (D:11)
25 creatures vanquished.

Grand Total: 288 creatures vanquished

Notes
Turn   | Place    | Note
-------+----------+-------------------------------------------
     0 | D:1      | Gaball the Gargoyle Chaos Knight began the quest for the Orb.
     0 | D:1      | Reached XP level 1. HP: 14/14 MP: 1/1
    22 | D:1      | Reached XP level 2. HP: 17/19 MP: 2/2
   679 | D:2      | Noticed Terence
   723 | D:1      | Reached XP level 3. HP: 6/23 MP: 3/3
   754 | D:1      | XOM: harmless Hex miscast
   905 | D:1      | XOM: mild Pois miscast
   930 | D:2      | Noticed Sigmund
   997 | D:2      | Killed Terence
   997 | D:2      | Reached XP level 4. HP: 18/28 MP: 4/4
  1117 | D:2      | Reached skill level 5 in Maces & Flails
  1145 | D:2      | XOM: 2-stop teleportation journey
  1187 | D:2      | XOM: harmless Pois miscast
  1236 | D:2      | Found a radiant altar of Vehumet.
  1236 | D:2      | Found a sparkling altar of Nemelex Xobeh.
  1237 | D:2      | Found a glowing golden altar of the Shining One.
  1310 | D:2      | XOM: cleaving
  1313 | D:2      | Reached XP level 5. HP: 24/32 MP: 5/5
  1632 | D:2      | XOM: medium Chrm miscast
  1783 | D:2      | Killed Sigmund
  1783 | D:2      | Reached XP level 6. HP: 20/37 MP: 6/6
  2042 | D:3      | XOM: noise
  2062 | D:3      | Noticed Gaball's ghost (amateur TeGl)
  2067 | D:3      | XOM: medium Tloc miscast
  2070 | D:3      | XOM: harmless Erth miscast
  2078 | D:3      | XOM: harmless Tloc miscast
  2115 | D:3      | Found a snail-covered altar of Cheibriados.
  2143 | D:3      | XOM: mild Hex miscast
  2155 | D:3      | XOM: god gift: thick silver amulet {god gift}
  2160 | D:3      | XOM: cleaving
  2161 | D:3      | XOM: potion effect (agility)
  2176 | D:3      | XOM: potion effect (haste)
  2178 | D:3      | XOM: potion effect (agility)
  2180 | D:3      | XOM: potion effect (brilliance)
  2181 | D:3      | XOM: potion effect (heal wounds)
  2197 | D:3      | Killed Gaball's ghost
  2197 | D:3      | Reached XP level 7. HP: 27/41 MP: 7/7
  2360 | D:3      | Noticed Jessica
  2368 | D:3      | Killed Jessica
  2614 | D:3      | XOM: divination: detect items
  2785 | D:4      | XOM: harmless Pois miscast
  2872 | D:4      | Noticed Dowan
  2872 | D:4      | Noticed Duvessa
  2873 | D:4      | XOM: potion effect (haste)
  2894 | D:4      | Killed Duvessa
  2900 | D:4      | Reached XP level 8. HP: 33/48 MP: 8/8
  2914 | D:4      | Killed Dowan
  3250 | D:4      | Reached skill level 5 in Fighting
  3456 | D:5      | Entered Level 5 of the Dungeon
  3480 | D:5      | XOM: mild Air miscast
  3508 | D:5      | XOM: noise
  3528 | D:5      | Reached skill level 10 in Maces & Flails
  3713 | D:4      | Noticed Lanoc's ghost (novice FoAK)
  3766 | D:4      | Killed Lanoc's ghost
  3766 | D:4      | Reached XP level 9. HP: 13/55 MP: 9/9
  3821 | D:4      | XOM: give mutations
  3821 | D:4      | Gained mutation: Scrolls take you a little longer to read. [Xom's mischief]
  3821 | D:4      | Gained mutation: You are frail. (-10% HP) [Xom's mischief]
  3821 | D:4      | Gained mutation: You are weak. (Str -2) [Xom's mischief]
  3821 | D:4      | Lost mutation: Scrolls take you a little longer to read. [Xom's mischief]
  3852 | D:5      | XOM: medium Fire miscast
  4044 | D:5      | Noticed Prince Ribbit
  4051 | D:5      | XOM: enchant monster (good)
  4086 | D:5      | XOM: give mutations
  4086 | D:5      | Gained mutation: You are surrounded by a mild repulsion field. (EV +2) [Xom's grace]
  4086 | D:5      | Gained mutation: You are partially covered in iridescent scales. (AC +2) [Xom's grace]
  4086 | D:5      | Gained mutation: You are mostly covered in iridescent scales. (AC +4) [Xom's grace]
  4126 | D:5      | XOM: noise
  4131 | D:5      | Noticed Prince Ribbit
  4131 | D:5      | Prince Ribbit changed into Prince Ribbit the blink frog
  4131 | D:5      | XOM: polymorph Prince Ribbit -> Prince Ribbit the blink frog
  4148 | D:5      | Killed Prince Ribbit the blink frog
  5153 | D:6      | Found a basalt altar of Yredelemnul.
  5484 | D:7      | XOM: harmless Tloc miscast
  5512 | D:7      | XOM: cloud trail
  5662 | D:7      | XOM: noise
  5675 | D:7      | XOM: smoke on damage
  5676 | D:7      | XOM: enchant monster (good)
  5677 | D:7      | XOM: potion effect (curing)
  6052 | D:7      | XOM: confusion (+ monsters)
  6061 | D:7      | XOM: silly message
  6070 | D:7      | Reached XP level 10. HP: 58/58 MP: 10/10
  6072 | D:7      | XOM: summons friendly quasit
  6127 | D:7      | Found a staircase to the Ecumenical Temple.
  6134 | D:7      | Got an iridescent dagger
  6135 | D:7      | Identified the +11 dagger "Beetleslayer" {protect, Dex+3} (You found it on level 7 of the Dungeon)
  6145 | D:8      | Noticed a two-headed ogre
  6147 | D:8      | XOM: noise
  6205 | D:8      | Noticed a two-headed ogre
  6208 | D:8      | XOM: chaos upgrade
  6227 | D:7      | XOM: noise
  6246 | D:8      | Got a heavily runed leather armour
  6257 | D:8      | Identified the +1 leather armour of the Republic {+Inv Int-4 Slay+2} (You found it on level 8 of the Dungeon)
  6403 | D:8      | XOM: harmless Conj miscast
  6461 | D:8      | XOM: repel stairs
  6487 | D:8      | XOM: noise
  6497 | D:8      | XOM: noise
  6497 | D:8      | XOM: butterfly on damage
  6610 | D:9      | Found Yhiogobe's Magic Scroll Emporium.
  6614 | D:9      | Bought a scroll of teleportation for 42 gold pieces
  6614 | D:9      | Bought a scroll of identify for 28 gold pieces
  6614 | D:9      | Bought a scroll of teleportation for 42 gold pieces
  6635 | D:9      | XOM: medium Necr miscast
  6648 | D:9      | XOM: mild Hex miscast
  6806 | D:9      | XOM: cast spell 'Summon Ice Beast'
  6854 | D:9      | XOM: medium Tmut miscast
  6854 | D:9      | Gained mutation: You are very frail. (-20% HP) [mutagenic glow]
  6892 | D:9      | Gained mutation: Your spells are a little easier to cast, but a little less powerful. [mutagenic glow]
  6935 | D:9      | Gained mutation: You expend magic power (3 MP) to strengthen your wands. [mutagenic glow]
  6966 | D:9      | Gained mutation: You tend to lose your temper in combat. [mutagenic glow]
  7023 | D:9      | Found Ujei's Weapon Shoppe.
  7044 | D:9      | XOM: harmless Tmut miscast
  7063 | D:9      | XOM: harmless Pois miscast
  7231 | D:9      | Found Dumenena's Armour Shop.
  7282 | D:10     | Entered Level 10 of the Dungeon
  7299 | D:10     | Reached skill level 5 in Armour
  7314 | D:10     | Found Miseutre's Gadget Emporium.
  7360 | D:10     | Reached skill level 10 in Fighting
  7393 | D:10     | XOM: medium Fire miscast
  7541 | D:10     | Found a staircase to the Orcish Mines.
  7754 | D:10     | XOM: god gift: fuming black potion {god gift}
  7922 | D:10     | XOM is BORED!
  7922 | D:10     | XOM: medium Air miscast
  8001 | D:11     | XOM: enchant monster (good)
  8026 | D:11     | XOM: summons 2 friendly demons
  8028 | D:11     | Noticed a cyclops
  8050 | D:11     | Noticed a two-headed ogre
  8051 | D:11     | Killed a cyclops
  8051 | D:11     | XOM: summons friendly ufetubus
  8054 | D:11     | XOM: confuse monster(s)
  8060 | D:11     | Killed a two-headed ogre
  8060 | D:11     | Reached XP level 11. HP: 58/58 MP: 11/11
  8068 | D:11     | Noticed a seven-headed hydra
  8068 | D:11     | XOM: confuse monster(s)
  8143 | D:11     | XOM: enchant monster (good)
  8169 | D:11     | XOM: chaos cloud
  8182 | D:11     | Noticed an orb spider
  8182 | D:11     | a yak changed into an orb spider
  8184 | D:11     | XOM: butterfly on damage
  8185 | D:11     | XOM: snakes to sticks
  8207 | D:11     | XOM: blink monster(s)
  8212 | D:11     | XOM: blink monster(s)
  8220 | D:11     | XOM: polymorph komodo dragon -> dream sheep
  8260 | D:11     | Noticed a death drake
  8260 | D:11     | XOM: 3-stop teleportation journey
  8261 | D:11     | Noticed a two-headed ogre
  8270 | D:11     | XOM: summons 8 friendly demons
  8286 | D:11     | XOM: confuse monster(s)
  8554 | D:11     | Noticed a cyclops
  8563 | D:11     | Killed a cyclops
  8721 | Orc:1    | Entered Level 1 of the Orcish Mines
  8895 | Orc:2    | Entered Level 2 of the Orcish Mines
  8897 | Orc:2    | XOM: divination: magic mapping
  8929 | Orc:2    | XOM: scenery: create altars
  9025 | Orc:2    | XOM: cleaving
  9096 | Orc:2    | Found a staircase to the Elven Halls.
  9187 | Orc:2    | Found a roughly hewn altar of Beogh.
  9257 | Orc:2    | XOM: smoke on damage
  9314 | Orc:2    | XOM: harmless Conj miscast
  9331 | Orc:2    | XOM: potion effect (agility)
  9407 | Orc:2    | XOM: noise
  9420 | Orc:2    | Found Lifoed's General Store.
  9420 | Orc:2    | XOM: 1-stop teleportation journey
  9458 | Orc:2    | XOM: smoke on damage
  9461 | Orc:2    | HP: 3/60 [orc priest/divine providence (15)]
  9461 | Orc:2    | Slain by an orc warrior

Vault maps used:
D:1:      evilmike_arrival_crescent
D:2:      gammafunk_temple_overflow_claw, serial_bayou_crossing, uniq_terence,
          uniq_sigmund
D:3:      cheibriados_altar_1, uniq_jessica
D:4:      first_ration, uniq_duvessa
D:5:      uniq_prince_ribbit1
D:6:      marbit_many_paths
D:7:      minmay_temple_entry_fiery, grunt_livestock
D:8:      serial_shops, nicolae_shop_trees, uniq_pikel
D:9:      serial_shops, shop, kennysheep_mini, nicolae_shop_statue_plus
D:10:     orc_0_dummy, serial_shops, shop, nicolae_sextant
D:11:     grunt_lair_entry_orc_guard_hut, nicolae_wwwww, minivault_28
Orc:1:    serial_shops, nicolae_shop_window_shopping
Orc:2:    pf_orc_diabolical, basic_altar, bh_open_orc_temple

Skill      XL: |  1  2  3  4  5  6  7  8  9 10 11 |
---------------+----------------------------------+-----
Maces & Flails | 4 5 7 8 9 10 11 12 | 12.1
Fighting       | 6 8 10 12 | 12.3
Armour         | 7 9 |  9.5
Dodging        | |  0.7

Action                   |  1- 3 |  4- 6 |  7- 9 | 10-12 || total
-------------------------+-------+-------+-------+-------++-------
Melee: Mace              |    66 |   124 |   510 |       ||   700
       Morningstar       |       |       |    97 |     8 ||   105
       Dagger            |       |       |       |   509 ||   509
Throw: Throwing net      |       |       |       |     1 ||     1
Evoke: Wand              |       |       |       |     5 ||     5
  Use: Scroll            |       |     3 |     1 |    10 ||    14
       Potion            |       |       |       |    12 ||    12
 Stab: Paralysed         |     1 |     1 |     2 |       ||     4
       Confused          |       |       |     1 |       ||     1
  Eat: Chunk             |       |     3 |    14 |     7 ||    24
       Ration            |       |       |       |     2 ||     2
Armor: Leather armour    |    51 |    65 |   287 |   264 ||   667
       Skin              |       |       |       |   146 ||   146
       Plate armour      |       |       |       |    27 ||    27
Dodge: Dodged            |    55 |    81 |   266 |   336 ||   738
Block: Buckler           |       |       |       |    44 ||    44

Table legend:
 A = Spawn XP
 B = Non-spawn XP
 C = Spawn XP percentage of total XP
 D = Spawn monster count
 E = Non-spawn monster count
 F = Spawn count percentage of total count
 G = Total turns spent on level
                    A         B        C        D         E        F      G
               +---------+---------+-------+---------+---------+-------+---------
         Total |       0 |   16233 |   0.0 |       0 |     263 |   0.0 |  9461
               +---------+---------+-------+---------+---------+-------+---------
           D:1 |       0 |      54 |   0.0 |       0 |      15 |   0.0 |   949
           D:2 |       0 |     433 |   0.0 |       0 |      30 |   0.0 |   951
           D:3 |       0 |     321 |   0.0 |       0 |      16 |   0.0 |   734
           D:4 |       0 |    1432 |   0.0 |       0 |      28 |   0.0 |   961
           D:5 |       0 |     934 |   0.0 |       0 |      20 |   0.0 |   999
           D:6 |       0 |     433 |   0.0 |       0 |       8 |   0.0 |   748
           D:7 |       0 |    1640 |   0.0 |       0 |      25 |   0.0 |   921
           D:8 |       0 |     573 |   0.0 |       0 |       7 |   0.0 |   273
           D:9 |       0 |    1302 |   0.0 |       0 |      31 |   0.0 |   746
          D:10 |       0 |     962 |   0.0 |       0 |      17 |   0.0 |   962
          D:11 |       0 |    5284 |   0.0 |       0 |      30 |   0.0 |   477
         Orc:1 |       0 |     443 |   0.0 |       0 |       2 |   0.0 |   174
         Orc:2 |       0 |    2422 |   0.0 |       0 |      34 |   0.0 |   566
               +---------+---------+-------+---------+---------+-------+---------
